 Dungeon Crawl Stone Soup version 0.18-a0-1312-gf98331d (webtiles) character file.

14832 RedPan the Carver (level 12, -1/91 HPs)
             Began as a Formicid Fighter on Feb 14, 2016.
             Was a High Priest of Okawaru.
             Slain by an eight-headed hydra (8 damage)
             ... on level 2 of the Lair of Beasts.
             The game lasted 00:31:15 (12948 turns).

RedPan the Carver (Formicid Fighter)               Turns: 12948, Time: 00:31:15

Health: -1/91      AC: 16    Str: 25    XL:     12   Next: 50%
Magic:  9/15       EV: 12    Int: 15    God:    Okawaru [*****.]
Gold:   311        SH: 14    Dex: 12    Spells: 0 memorised, 11 levels left

rFire  . . .     SeeInvis +     d - +2 triple sword "Usohaetz" {slice, rElec rN++ Int+6}
rCold  + + .     Gourm    +     m - +4 scale mail {rC+}
rNeg   + + .     Faith    .     c - +0 shield
rPois  .         Spirit   .     (helmet unavailable)
rElec  +         Dismiss  .     (no cloak)
rCorr  .         Reflect  .     l - +0 pair of gloves
SustAt .         Harm     .     (no boots)
MR     +....                    C - amulet of the gourmand
Stlth  ++........               I - +2 ring of dexterity
                                h - ring of protection from cold

@: heroism, finesse, somewhat resistant to hostile enchantments, unstealthy
A: permanent stasis, dig shafts and tunnels, four strong arms, antennae 3
a: Dig, Shaft Self, Heroism, Finesse, Renounce Religion


You were on level 2 of the Lair of Beasts.
You worshipped Okawaru.
Okawaru was extremely pleased with you.
You were very full.

You visited 3 branches of the dungeon, and saw 12 of its levels.
You also visited: Sewer.

You collected 571 gold pieces.
You spent 260 gold pieces at shops.

Inventory:

Hand Weapons
 d - the +2 triple sword "Usohaetz" (weapon) {slice, rElec rN++ Int+6}
   (Okawaru gifted it to you on level 8 of the Dungeon)

   It inflicts extra damage upon your enemies.
   It affects your intelligence (+6).
   It insulates you from electricity.
   It greatly protects you from negative energy.
Armour
 c - a +0 shield (worn)
 l - a +0 pair of gloves (worn)
 m - a +4 scale mail of cold resistance (worn)
Jewellery
 h - a ring of protection from cold (left hand)
 w - an uncursed ring of positive energy
 C - an amulet of the gourmand (around neck)
 I - a +2 ring of dexterity (right hand)
 L - an uncursed amulet of rage {unknown}
Wands
 x - a wand of confusion (24/48)
 D - a wand of digging (9/24)
Scrolls
 a - a scroll of amnesia
 y - 2 scrolls of recharging
 B - 2 scrolls of remove curse
 M - a scroll of fog
Potions
 i - 3 potions of agility
 k - 5 potions of curing
 n - 2 potions of magic
 p - 2 potions of cure mutation {unknown}
 A - a potion of degeneration {unknown}
 F - a potion of beneficial mutation {unknown}
 G - a potion of lignification {unknown}
Comestibles
 q - 4 meat rations


   Skills:
 - Level 7.1(12.1) Fighting
 + Level 13.4(18.4) Long Blades
 + Level 11.0(16.0) Armour
 - Level 9.0(14.0) Shields
 - Level 5.1 Invocations


You had 11 spell levels left.
You didn't know any spells.

Dungeon Overview and Level Annotations

Branches:
Dungeon (9/15)             Temple (1/1) D:4            Lair (2/8) D:8
    Orc (0/2) D:9

Altars:
Ashenzari
Cheibriados
Dithmenos
Elyvilon
Fedhas
Gozag
Kikubaaqudgha
Makhleb
Nemelex Xobeh
Okawaru
Pakellas
Qazlal
Ru
Sif Muna
Trog
Vehumet
Xom
Yredelemnul
Zin
The Shining One

Shops:
D:7 (   D:9 (


Innate Abilities, Weirdness & Mutations

You are under a permanent stasis effect.
You can dig through walls and to a lower floor.
Your four strong arms can wield two-handed weapons with a shield.
You have a pair of large antennae on your head (SInv).


Message History

The eight-headed hydra barely misses you.
The eight-headed hydra bites you. The eight-headed hydra bites you!
You block the eight-headed hydra's attack.
The eight-headed hydra misses you.
The eight-headed hydra bites you but does no damage.
You barely miss the eight-headed hydra.
The eight-headed hydra is heavily wounded.
Unknown command.
You barely miss the eight-headed hydra.
The eight-headed hydra is heavily wounded.
You block the eight-headed hydra's attack.
The eight-headed hydra bites you.
The eight-headed hydra bites you but does no damage.
The eight-headed hydra bites you!
* * * LOW HITPOINT WARNING * * *
The eight-headed hydra closely misses you. x2
The eight-headed hydra bites you!
* * * LOW HITPOINT WARNING * * *
The eight-headed hydra bites you!
You die...

.. .....# #....#....#
###....#....##
##.....#......##
#..#...........###
..................#
#.........##.......##
..........##.......P###
.......(..@Dr..........##
..........P#............###
..............#P...P..#......
...................#.......#.
............#######..........
........##.##{ ##.........
.......##.#.# #.........
.......###..# { ##........
.........#.#...# #.........


You could see an eight-headed hydra and a porcupine.

Vanquished Creatures
  Harold (Lair:1)
  A hydra (Lair:2)
  The ghost of Potsanchik the Geomancer, a novice FoEE (D:6)
  An ugly thing (D:9)
  An elephant (D:8)
  2 spiny frogs (Lair:1)
  2 komodo dragons (Lair:1)
  2 two-headed ogres (D:8)
  10 blink frogs
  A slime creature (D:9)
  6 yaks
  A hungry ghost (D:8)
  2 hippogriffs
  3 wolves (Lair:2)
  Edmund (D:4)
  2 porcupines
  4 water moccasins
  4 sky beasts
  A black bear (D:9)
  3 ice beasts
  An eye of draining (D:8)
  9 orc warriors
  2 necrophages
  7 ogres
  6 centaurs
  3 crocodiles
  3 giant frogs
  3 scorpions
  A water moccasin skeleton (D:9)
  2 wyvern skeletons
  12 killer bees (D:8)
  5 wights (D:8)
  6 crimson imps
  2 jellies
  3 hounds
  11 orc wizards
  19 orc priests
  5 iguanas
  8 worker ants
  2 sheep (D:8)
  A hound skeleton (D:9)
  2 worker ant zombies
  Robin (D:2)
  A gnoll (D:4)
  10 adders
  9 river rats
  2 shadow imps (D:5)
  An ooze (D:2)
  2 adder zombies
  5 worms
  6 giant geckos
  50 orcs
  2 ball pythons
  3 bats
  11 giant cockroaches
  11 goblins
  8 hobgoblins
  9 jackals
  4 quokkas
  4 giant newts
  8 kobolds
  A quokka skeleton (D:7)
  19 rats
329 creatures vanquished.

Vanquished Creatures (others)
  An orc wizard (D:8)
  A plant (D:8)
2 creatures vanquished.

Grand Total: 331 creatures vanquished

Notes
Turn   | Place    | Note
--------------------------------------------------------------
     0 | D:1      | RedPan the Formicid Fighter began the quest for the Orb.
     0 | D:1      | Reached XP level 1. HP: 18/18 MP: 1/1
    94 | D:1      | Reached XP level 2. HP: 24/24 MP: 2/2
   184 | D:1      | Reached skill level 4 in Shields
   803 | D:2      | Reached XP level 3. HP: 29/29 MP: 3/3
   891 | D:2      | Found a glowing silver altar of Zin.
  1219 | D:2      | Reached XP level 4. HP: 31/35 MP: 4/4
  1360 | D:2      | Noticed Robin
  1397 | D:2      | Killed Robin
  1677 | D:2      | Reached skill level 5 in Shields
  1698 | D:2      | Reached XP level 5. HP: 39/41 MP: 5/5
  1796 | D:3      | Found a stormy altar of Qazlal.
  1800 | D:3      | Noticed an air elemental
  1800 | D:3      | Noticed a water elemental
  1801 | D:3      | Noticed a fire elemental
  1850 | D:3      | Found a white marble altar of Elyvilon.
  1852 | D:3      | Found a burning altar of Makhleb.
  1860 | D:3      | Found a blossoming altar of Fedhas.
  1873 | D:3      | Found a glowing drain.
  1892 | Sewer    | Entered a sewer
  1952 | Sewer    | Noticed a crocodile
  1967 | Sewer    | Killed a crocodile
  1967 | Sewer    | Reached XP level 6. HP: 27/47 MP: 6/6
  2195 | D:3      | Reached skill level 6 in Shields
  2473 | D:3      | Found a faded altar to an unknown god.
  2735 | D:3      | Found a sparkling altar of Nemelex Xobeh.
  3244 | D:4      | Found a shadowy altar of Dithmenos.
  3252 | D:4      | Noticed Edmund
  3267 | D:4      | Killed Edmund
  3267 | D:4      | Reached skill level 5 in Long Blades
  3267 | D:4      | Reached XP level 7. HP: 40/52 MP: 7/7
  3375 | D:4      | Reached skill level 7 in Shields
  3693 | D:4      | Found a staircase to the Ecumenical Temple.
  3710 | Temple   | Entered the Ecumenical Temple
  3794 | Temple   | Became a worshipper of Warmaster Okawaru
  4104 | D:5      | Entered Level 5 of the Dungeon
  4475 | D:5      | Got a bloodstained ring mail
  4518 | D:5      | Reached XP level 8. HP: 42/58 MP: 8/8
  4664 | D:5      | Reached skill level 8 in Shields
  4805 | D:5      | Reached * piety under Okawaru
  5521 | D:5      | Reached skill level 9 in Shields
  5810 | D:5      | Found a shattered altar of Ashenzari.
  5821 | D:5      | Found a radiant altar of Vehumet.
  6073 | D:6      | Noticed Potsanchik's ghost (novice FoEE)
  6093 | D:6      | Killed Potsanchik's ghost
  6093 | D:6      | Reached ** piety under Okawaru
  6093 | D:6      | Reached skill level 5 in Fighting
  6093 | D:6      | Reached XP level 9. HP: 31/69 MP: 9/9
  6290 | D:6      | Identified the cursed +1 ring mail of the Bells {rPois rF- Regen+} (You found it on level 5 of the Dungeon)
  6314 | D:6      | Reached *** piety under Okawaru
  7409 | D:7      | Reached skill level 1 in Invocations
  7637 | D:7      | Found Gychotzi's Antique Weapon Boutique.
  7666 | D:7      | Reached XP level 10. HP: 78/78 MP: 11/11
  7937 | D:7      | Reached **** piety under Okawaru
  8608 | D:8      | Reached skill level 10 in Long Blades
  8679 | D:8      | Reached skill level 5 in Invocations
  9118 | D:8      | Noticed an elephant
  9119 | D:8      | Found a staircase to the Lair.
  9137 | D:8      | Reached skill level 5 in Armour
  9143 | D:8      | Killed an elephant
  9150 | D:8      | Reached ***** piety under Okawaru
  9182 | D:8      | Reached skill level 11 in Long Blades
  9502 | D:8      | Reached XP level 11. HP: 84/84 MP: 14/14
  9738 | D:8      | Received a gift from Okawaru
  9739 | D:8      | Got a crude triple sword {god gift}
  9740 | D:8      | Identified the +2 triple sword "Usohaetz" {slice, rElec rN++ Int+6} (Okawaru gifted it to you on level 8 of the Dungeon)
  9933 | D:9      | Noticed a cyan ugly thing
  9938 | D:9      | Killed a cyan ugly thing
 10438 | D:9      | Found Doexugor's Antique Weapon Shoppe.
 10454 | D:9      | Bought a glowing triple sword for 260 gold pieces
 10566 | D:9      | Reached skill level 12 in Long Blades
 10972 | D:9      | Found a staircase to the Orcish Mines.
 11182 | Lair:1   | Entered Level 1 of the Lair of Beasts
 11824 | Lair:1   | Received a gift from Okawaru
 11824 | Lair:1   | Reached XP level 12. HP: 85/91 MP: 15/15
 11879 | Lair:1   | Noticed Harold
 11892 | Lair:1   | Killed Harold
 11892 | Lair:1   | Reached skill level 10 in Armour
 12044 | Lair:1   | Reached skill level 13 in Long Blades
 12513 | Lair:2   | Noticed a five-headed hydra
 12527 | Lair:2   | Killed a nine-headed hydra
 12919 | Lair:2   | Noticed a five-headed hydra
 12948 | Lair:2   | Slain by an eight-headed hydra

Vault maps used:
D:1:      onia_arrival_larder
D:2:      old_standard_altar, glass_columns_a, uniq_robin
D:3:      grunt_temple_overflow_diamond, nicolae_qazlal_style_of_elements,
          ecumenical_altar_1, portal_sewer_entry_a, nemelex_spade_bored_becter
D:4:      old_standard_altar, cheibrodos_gnoll_hut, uniq_edmund
D:5:      kennysheep_big_flooded_room, amethyst_overflow_temple_binary,
          nicolae_ossuary_entry_plus, first_bread, sigmund_army
D:7:      serial_shops, kennysheep_mini
D:8:      david_lair_generic
D:9:      minmay_ornate_pinched, david_orc_4, serial_shops, nicolae_shop_trees
Temple:   circular_temple_12
Lair:1:   lemuel_fruit_tree, serial_bayou_shore_a, uniq_harold
Lair:2:   beast_lair_carwin_large_2
Sewer:    sewer_the_crocodile

Action                   |  1- 3 |  4- 6 |  7- 9 | 10-12 || total
-------------------------+-------+-------+-------+-------++-------
Melee: Long sword        |    92 |   216 |   373 |   197 ||   878
       Great sword       |       |       |       |   101 ||   101
       Triple sword      |       |       |       |   295 ||   295
Invok: Heroism           |       |       |       |    11 ||    11
       Finesse           |       |       |       |     6 ||     6
  Use: Scroll            |       |    12 |     6 |     6 ||    24
       Potion            |       |       |     3 |     2 ||     5
  Eat: Chunk             |     1 |     5 |    12 |    31 ||    49
       Bread ration      |       |     1 |       |       ||     1
